 Dungeon Crawl Stone Soup version 0.28.0-47-ge53b351184 (webtiles) character file.

Game seed: 818237861701062772

918 RatsInWalls the Cudgeller (level 8, -1/63 HPs)
             Began as a Human Monk on May 10, 2022.
             Was an Elder of Wu Jian.
             Slain by Duvessa
             ... wielding a +0 rapier
              (13 damage)
             ... on level 5 of the Dungeon.
             The game lasted 00:18:39 (5770 turns).

RatsInWalls the Cudgeller (Human Monk)              Turns: 5770, Time: 00:18:39

Health: -1/63      AC: 13    Str: 14    XL:     8   Next: 31%
Magic:  8/8        EV: 11    Int: 11    God:    Wu Jian [****..]
Gold:   179        SH:  0    Dex: 15    Spells: 7/7 levels left

rFire   . . .      SeeInvis .   m - +0 flail
rCold   . . .      Faith    .   (no shield)
rNeg    . . .      Spirit   .   j - +0 chain mail
rPois   .          Reflect  .   (no helmet)
rElec   .          Harm     .   (no cloak)
rCorr   .          Rampage  .   k - +0 pair of gloves
Will    +....                   r - +2 pair of boots
Stlth   ..........              (no amulet)
HPRegen 0.20/turn               d - +4 ring of evasion
MPRegen 0.11/turn               o - ring of willpower

@: exhausted, hasted, very quick
A: no striking features
a: Renounce Religion, Wall Jump, Serpent's Lash


You were on level 5 of the Dungeon.
You worshipped Wu Jian.
Wu Jian was greatly pleased with you.
You visited 1 branch of the dungeon, and saw 7 of its levels.

You collected 179 gold pieces.

Inventory:

Hand Weapons
 m - a +0 flail (weapon)
Missiles
 c - 186 stones
 p - 2 boomerangs (quivered)
Armour
 j - a +0 chain mail (worn)
 k - a +0 pair of gloves (worn)
 r - a +2 pair of boots (worn)
 s - a +0 plate armour
Jewellery
 d - a +4 ring of evasion (left hand)
 g - a ring of willpower
 o - a ring of willpower (right hand)
Scrolls
 a - a scroll of noise {unknown}
 i - a scroll of teleportation
Potions
 b - 2 potions of mutation
 e - a potion of brilliance
 l - a potion of flight


   Skills:
 + Level 5.4 Fighting
 - Level 0.8(4.3) Axes
 * Level 5.7(5.8) Maces & Flails
 - Level 3.3(3.4) Polearms
 + Level 4.3 Armour
 - Level 3.0 Dodging
 - Level 2.0 Stealth


You had 7 spell levels left.
You didn't know any spells.
Your spell library contained the following spells:

 Spells                   Type           Power      Damage    Failure   Level
 Animate Skeleton         Necr           0%         N/A       100%        1
 Pain                     Necr           0%         1d4       100%        1
 Blink                    Tloc           0%         N/A       100%        2
 Lesser Beckoning         Tloc           0%         N/A       100%        3
 Vampiric Draining        Necr           0%         2d6       100%        3
 Manifold Assault         Tloc           0%         N/A       100%        5


Dungeon Overview and Level Annotations

Branches:
Dungeon (7/15)
 Temple: D:4-7

Altars:
Wu Jian

Portals:
Abyss: D:5

Annotations:
D:5 2 transporters, Duvessa; Rudyous's ghost, novice FoFi


Message History

Press: ? - help, Dir - move target You repeatedly attack Duvessa from above, with incredible momentum.
You sock Duvessa!
Duvessa is moderately wounded.
You hit Duvessa but do no damage.
Duvessa is moderately wounded.
Your supernatural speed expires.
You closely miss Duvessa.
Duvessa is moderately wounded.
Duvessa hits you with a +0 rapier! Duvessa closely misses you.
You barely miss Duvessa.
Duvessa is moderately wounded.
Duvessa hits you with a +0 rapier. Duvessa hits you with a +0 rapier!
* * * LOW HITPOINT WARNING * * *
You feel yourself speed up. Duvessa hits you but does no damage.
You see here a +0 dagger.
You feel better. Duvessa closely misses you.
You closely miss Duvessa.
Duvessa is moderately wounded.
Duvessa hits you with a +0 rapier.
You hit Duvessa.
Duvessa is moderately wounded.
Duvessa hits you but does no damage.
You aren't carrying any items that you can evoke.
You closely miss Duvessa.
Duvessa is moderately wounded.
Duvessa hits you but does no damage.
You hit Duvessa but do no damage.
Duvessa is moderately wounded.
Duvessa hits you with a +0 rapier.
* * * LOW HITPOINT WARNING * * *
You hit Duvessa but do no damage.
Duvessa is moderately wounded.
Duvessa hits you with a +0 rapier!
* * * LOW HITPOINT WARNING * * *
Unknown command.
You feel better. Duvessa hits you with a +0 rapier!
* * * LOW HITPOINT WARNING * * *
You feel better. Duvessa hits you with a +0 rapier!
You die...

#. #.#.....# #### #.
#.#.....######..
#.##>...........#.$
#.......#.....(.#######.#..
#.......#.......'.....#....
#.......##......####.......
#.......#.......#..........
#......##.......#......###.
#......##.@.....#.....##.##
#......##e..##........#.# #
#...........##........##.#
#......................# #
####.)..................###.
#..)..............###.....#.
#...........######.......©#(
####...........##...........##.
#.).)..........'...........##


You could see Duvessa (berserk).

Vanquished Creatures
  2 phantoms
  A scorpion (D:5)
  2 water moccasin zombies (D:5)
  Dowan (D:5)
  2 bullfrog zombies (D:5)
  A bullfrog skeleton (D:6)
  A jelly (D:4)
  2 orc priests
  2 iguanas
  2 scorpion zombies (D:5)
  4 orc wizards
  2 hound zombies (D:5)
  A hound skeleton (D:5)
  A howler monkey zombie (D:5)
  3 adders
  A howler monkey skeleton (D:5)
  2 dart slugs
  8 orcs
  6 endoplasms
  13 giant cockroaches
  9 goblins
  5 hobgoblins
  2 jackals (D:3)
  A quokka (D:1)
  10 ball pythons
  3 bats
  4 frilled lizards
  4 kobolds
  4 rats
99 creatures vanquished.

Vanquished Creatures (others)
  5 withered plants (D:5)
5 creatures vanquished.

Grand Total: 104 creatures vanquished

Notes
Turn   | Place    | Note
-------+----------+-------------------------------------------
     0 | D:1      | RatsInWalls the Human Monk began the quest for the Orb.
     0 | D:1      | Reached XP level 1. HP: 18/18 MP: 1/1
   168 | D:1      | Reached XP level 2. HP: 24/24 MP: 2/2
   285 | D:1      | Reached skill level 1 in Armour
   658 | D:1      | Found a faded altar of an unknown god.
   705 | D:1      | Prayed at the altar of an unknown god.
   705 | D:1      | Became a worshipper of the Wu Jian Council
   705 | D:1      | Reached * piety under Wu Jian
   705 | D:1      | Reached ** piety under Wu Jian
   767 | D:2      | Reached XP level 3. HP: 28/29 MP: 3/3
  1116 | D:2      | Reached *** piety under Wu Jian
  1737 | D:3      | Reached XP level 4. HP: 34/35 MP: 4/4
  1749 | D:3      | Reached skill level 1 in Maces & Flails
  2075 | D:3      | Reached XP level 5. HP: 42/42 MP: 5/5
  3442 | D:4      | Reached **** piety under Wu Jian
  3566 | D:4      | Reached XP level 6. HP: 48/48 MP: 6/6
  3754 | D:4      | Noticed a black bear
  3774 | D:4      | Noticed an ice beast
  4322 | D:5      | Entered Level 5 of the Dungeon
  4322 | D:5      | Noticed an ogre
  4674 | D:5      | Reached XP level 7. HP: 50/55 MP: 7/7
  4869 | D:5      | Noticed Dowan
  4871 | D:5      | Noticed Duvessa
  4985 | D:5      | Found a transporter.
  5027 | D:5      | Found a transporter.
  5027 | D:5      | Found a one-way gate to the infinite horrors of the Abyss.
  5027 | D:5      | Noticed Rudyous's ghost (novice FoFi)
  5125 | D:5      | Reached skill level 5 in Fighting
  5130 | D:5      | You fall into a shaft and drop 2 floors!
  5222 | D:5      | Killed Dowan
  5223 | D:5      | Reached skill level 5 in Maces & Flails
  5229 | D:5      | Reached XP level 8. HP: 50/62 MP: 8/8
  5379 | D:6      | Noticed a hornet
  5770 | D:5      | Slain by Duvessa

Illustrated notes

Levels and vault maps discovered:
D:1:      saegor_arrival_simple_d, layout_rooms,
          shapermc_ecumenical_altar_mp_vishouse
D:2:      layout_basic
D:3:      minmay_roachtagon, layout_loops_ring
D:4:      wander_river, layout_cave_pools,
          nicolae_concentric_dashed_squares_wild
D:5:      layout_basic, serial_undead, serial_undead_a, serial_undead_b,
          serial_undead_c, serial_undead_f, gammafunk_ghost_abyssal_escape,
          uniq_menkaure, uniq_duvessa, uniq_pikel
D:6:      layout_basic, nzn_hepliaklqana_mist_gate, minmay_temple_entry_mist,
          uniq_blork_the_orc
D:7:      layout_basic

Skill      XL: |  1  2  3  4  5  6  7 |
---------------+----------------------+-----
Armour         | 1 2 3 4 |  4.3
Maces & Flails | 1 2 3 5 |  5.7
Fighting       | 4 5 |  5.4
Axes           | |  0.8
Polearms       | |  3.3
Dodging        | |  3.0
Stealth        | |  2.0

Action                   |  1- 3 |  4- 6 |  7- 9 || total
-------------------------+-------+-------+-------++-------
Melee: Spear             |   148 |   148 |       ||   296
       Punch             |     1 |       |     5 ||     6
       Flail             |       |   104 |   198 ||   302
Throw: Stone             |       |     2 |       ||     2
       Boomerang         |       |     6 |       ||     6
Invok: Lunge             |       |     5 |     4 ||     9
       Whirlwind         |       |     3 |     4 ||     7
       Serpent's Lash    |       |     1 |     2 ||     3
 Abil: Wall Jump         |       |     1 |     1 ||     2
  Use: Scroll            |     4 |     2 |     3 ||     9
       Potion            |     1 |       |     5 ||     6
 Stab: Sleeping          |    14 |     1 |       ||    15
Armor: Robe              |     8 |       |       ||     8
       Leather armour    |     4 |    39 |       ||    43
       Chain mail        |       |    29 |   101 ||   130
Dodge: Dodged            |    83 |   181 |    92 ||   356
